 Dungeon Crawl Stone Soup version 0.30.1-4-g462c640d31 (webtiles) character file.

Game seed: 16178026403579342573

104 Arctor the Ruffian (level 4, -2/37 HPs)
             Began as a Draconian Transmuter on Sept 7, 2023.
             Succumbed to Crazy Yiuf's poison
             ... on level 3 of the Dungeon.
             The game lasted 00:02:53 (2158 turns).

Arctor the Ruffian (Draconian Transmuter)           Turns: 2158, Time: 00:02:53

Health: -2/37      AC:  2    Str: 12    XL:     4   Next: 52%
Magic:  1/7        EV: 19    Int: 16    God:
Gold:   164        SH:  0    Dex: 16    Spells: 4/8 levels left

rFire   . .          .
                       - Unarmed
rCold   . . .        (shield currently unavailable)
rNeg    . . .        (body armour unavailable)
rPois   x            (helmet currently unavailable)
rElec   .            (cloak currently unavailable)
rCorr   .            (gloves currently unavailable)
SInv    .            (boots currently unavailable)
Will    .....        (no amulet)
Stlth   +            (no ring)
HPRegen 0.26/turn    (no ring)
MPRegen 0.10/turn

%: no passive effects
@: lethally poisoned (-2 -> -13), spider-form (expiring), very slightly
contaminated
A: venomous fangs, AC +5, tiny, unfitting armour, (cold-blooded)
a: End Transformation


You were on level 3 of the Dungeon.
You were a venomous arachnid creature.
You visited 1 branch of the dungeon, and saw 3 of its levels.

You collected 164 gold pieces.

Inventory:

Jewellery
 p - a +6 ring of dexterity
Wands
 j - a wand of polymorph (3)
Scrolls
 b - 2 scrolls of torment {unknown}
 c - 4 scrolls of identify {unknown}
 e - 2 scrolls of enchant armour {unknown}
 g - a scroll of vulnerability {unknown}
 m - 2 scrolls of teleportation {unknown}
 n - 2 scrolls of fog {unknown}
Potions
 a - a potion of lignification
 d - a potion of mutation {unknown}
 f - a potion of invisibility {unknown}
 h - a potion of attraction {unknown}
 i - 2 potions of might {unknown}
 k - 2 potions of berserk rage {unknown}
 l - a potion of curing {unknown}
 o - a potion of heal wounds {unknown}


   Skills:
 + Level 2.3 Fighting
 + Level 2.4 Dodging
 + Level 3.5 Unarmed Combat
 + Level 2.6 Spellcasting
 + Level 2.7 Transmutations


You had 4 spell levels left.
You knew the following spells:

 Your Spells              Type           Power      Damage    Failure   Level
a - Beastly Appendage     Tmut           20%        N/A       17%         1
b - Spider Form           Tmut/Pois      6%         N/A       54%         3

Your spell library contained the following spells:

 Spells                   Type           Power      Damage    Failure   Level
 Wereblood                Tmut           10%        N/A       24%         2
 Magic Dart               Conj           8%         1d3       41%         1
 Call Imp                 Summ           4%         N/A       52%         2
 Mephitic Cloud           Conj/Pois/Air  2%         N/A       73%         3
 Ice Form                 Ice/Tmut       6%         N/A       88%         4


Dungeon Overview and Level Annotations

Branches:
Dungeon (3/15)

Altars:

Shops:
D:2 (

Annotations:
D:3 2 transporters, CarvArkoylaein's ghost, amateur TrFi; Crazy Yiuf


Innate Abilities, Weirdness & Mutations

You are a venomous arachnid creature.
You have venomous fangs.
You are tiny and dextrous.
Your spellcasting is less reliable in this form.
Your armour is entirely melded.
You are incapable of wielding weapons or throwing items.
((Your plain brown scales are hard. (AC +5)))
You cannot fit into any form of body armour.
((You are cold-blooded and may be slowed by cold attacks.))


Message History

Your magical contamination has completely faded away.
Casting: Spider Form (quite dangerous; 32% risk of failure)
Confirm with . or Enter, or press ? or * to list all spells.
The spell is quite dangerous to miscast (32% risk of failure)!
Continue anyway?
You miscast Spider Form.
You are very lightly contaminated with residual magic.
Nothing appears to happen.
Casting: Spider Form (quite dangerous; 32% risk of failure)
Confirm with . or Enter, or press ? or * to list all spells.
The spell is quite dangerous to miscast (32% risk of failure)!
Continue anyway?
You turn into a venomous arachnid creature.
Your transformation is almost over.
No reachable target in view!
You open the door. You hit Crazy Yiuf.
Crazy Yiuf is poisoned.
Crazy Yiuf is lightly wounded.
Crazy Yiuf closely misses you.
You hit Crazy Yiuf.
Crazy Yiuf looks as sick as possible!
Crazy Yiuf is moderately wounded.
Crazy Yiuf sings, "Trees, trees, trees, circus!"
Crazy Yiuf barely misses you.
You hit Crazy Yiuf.
Crazy Yiuf looks as sick as possible!
Crazy Yiuf is heavily wounded.
Crazy Yiuf hits you with a +2 quarterstaff of chaos.
You are poisoned.
You hit Crazy Yiuf but do no damage.
Crazy Yiuf is heavily wounded.
You feel very sick.
Crazy Yiuf whimpers, "Key sanguine wrapper!"
Crazy Yiuf hits you with a +2 quarterstaff of chaos!
You hit Crazy Yiuf but do no damage.
Crazy Yiuf looks as sick as possible!
Crazy Yiuf is severely wounded.
You feel very sick.
Crazy Yiuf hits you with a +2 quarterstaff of chaos!
* * * LOW HITPOINT WARNING * * *
Crazy Yiuf freezes you.
* * * LOW HITPOINT WARNING * * *
You barely miss Crazy Yiuf.
Crazy Yiuf is almost dead.
You die...

.........)........#
...<..#...........#
##....####........#
#....# ##########
#....# ####.#
#.####♣♣ ###
#....).♣♣ ♣♣#..)#
##...)PP♣♣♣♣sg...#
##......♣..♣#...#
##....♣.♣♣♣ ###
###♣♣♣♣♣


You could see Crazy Yiuf (extremely poisoned).

Vanquished Creatures
  Jessica (D:2)
  2 adders (D:2)
  A gnoll (D:1)
  A worm (D:2)
  A dart slug (D:1)
  6 bats
  4 endoplasms
  A giant cockroach (D:3)
  2 goblins (D:3)
  5 hobgoblins
  2 jackals (D:3)
  3 quokkas (D:2)
  5 ball pythons
  3 frilled lizards
  3 kobolds
  3 rats
43 creatures vanquished.

Notes
Turn   | Place    | Note
-------+----------+-------------------------------------------
     0 | D:1      | Arctor the Draconian Transmuter began the quest for the
                  | Orb.
     0 | D:1      | Reached XP level 1. HP: 16/16 MP: 3/3
   214 | D:1      | Reached XP level 2. HP: 14/23 MP: 3/5
   766 | D:2      | Reached XP level 3. HP: 23/29 MP: 1/6
   969 | D:2      | Noticed Jessica
   978 | D:2      | Killed Jessica
  1041 | D:2      | Reached XP level 4. HP: 32/36 MP: 5/7
  1150 | D:2      | Found a faded altar of an unknown god.
  1404 | D:2      | Found Rawiar's Antique Weapon Emporium.
  1609 | D:3      | Learned a level 3 spell: Spider Form
  1623 | D:3      | Found a runed translucent door.
  1624 | D:3      | Noticed Crazy Yiuf
  1801 | D:3      | Found a transporter.
  1808 | D:3      | Found a transporter.
  1823 | D:3      | Noticed CarvArkoylaein's ghost (amateur TrFi)
  2157 | D:3      | HP: 1/37 [Crazy Yiuf/+2 quarterstaff of chaos (5)]
  2158 | D:3      | Succumbed to Crazy Yiuf's poison

Illustrated notes

Levels and vault maps discovered:
D:1:      dpeg_arrival_ternary, layout_loops_ring, nicolae_grassy_gnolls
D:2:      layout_basic, shapermc_ecumenical_altar_acropolis, serial_shops, shop,
          st_stairs_6, uniq_jessica
D:3:      layout_rooms, gammafunk_ghost_stat_death, uniq_crazy_yiuf_cottage

Skill      XL: |  1  2  3 |
---------------+----------+-----
Dodging        | 2 |  2.4
Fighting       | 2 |  2.3
Unarmed Combat | |  3.5
Spellcasting   | |  2.6
Transmutations | |  2.7

Action                     |  1- 3 |  4- 6 || total
---------------------------+-------+-------++-------
  Melee: Unarmed           |    64 |    57 ||   121
         Kick              |    12 |     7 ||    19
         Tailslap          |     7 |     4 ||    11
         Headbutt          |     4 |     9 ||    13
   Cast: Beastly Appendage |    23 |    17 ||    40
         Spider Form       |       |     1 ||     1
   Stab: Sleeping          |     2 |       ||     2
 Armour: Skin              |    21 |    22 ||    43
  Dodge: Dodged            |    45 |    41 ||    86
